 Dungeon Crawl Stone Soup version 0.30-a0-377-g5cb311bc9f (webtiles) character file.

Game seed: 2239230371907319915

7 Vomitron the Cudgeller (level 2, -1/26 HPs)
             Began as a Meteoran Cinder Acolyte on Nov 29, 2022.
             Was a High Priest of Ignis.
             Slain by a goblin
             ... wielding a +0 dagger
              (2 damage)
             ... on level 2 of the Dungeon.
             The game lasted 00:02:55 (291 turns).

Vomitron the Cudgeller (Meteoran Cinder Acolyte)     Turns: 291, Time: 00:02:55

Health: -1/26      AC:  2    Str: 15    XL:     2   Next: 23%
Magic:  5/5        EV: 11    Int: 15    God:    Ignis [*****.]
Gold:   11         SH:  0    Dex:  9    Spells: 4/4 levels left

rFire   + . .      SeeInvis .    a - -1 mace (flame)
rCold   . . .      Faith    .    (no shield)
rNeg    . . .      Spirit   .    b - +0 robe
rPois   .          Reflect  .    (no helmet)
rElec   .          Harm     .    (no cloak)
rCorr   .          Rampage  .    (no gloves)
Will    .....                    (no boots)
Stlth   +.........               (no amulet)
HPRegen 0.24/turn                (no ring)
MPRegen 0.09/turn                (no ring)

@: glowing
A: sense surroundings 1, otherworldly, glowing, explore regen
a: Renounce Religion, Fiery Armour, Foxfire Swarm, Rising Flame


You were on level 2 of the Dungeon.
You worshipped Ignis.
Ignis was extremely pleased with you.
You visited 1 branch of the dungeon, and saw 2 of its levels.

You collected 11 gold pieces.

Inventory:

Hand Weapons
 a - a -1 mace of flaming (weapon)
Armour
 b - a +0 robe (worn)


   Skills:
 + Level 3.4 Fighting
 * Level 4.2 Maces & Flails
 + Level 1.7 Spellcasting
 + Level 3.8 Fire Magic


You had 4 spell levels left.
You didn't know any spells.
Your spell library contained the following spells:

 Spells                   Type           Power      Damage    Failure   Level
 Scorch                   Fire           24%        2d6       8%          2


Dungeon Overview and Level Annotations

Branches:
Dungeon (1/15) Zot: 905

Altars:


Innate Abilities, Weirdness & Mutations

You passively map a small area around you.
You are easily found by Zot.
You glow in the dark.
You regain HP and MP as you explore.


Message History

The ball python closely misses you. The ball python bites you.
The ball python grabs you. The ball python constricts you.
You escape the ball python's grasp.
A goblin comes into view. It is wielding a +0 dagger.
The goblin shouts!
There are monsters nearby!
The ball python bites you. The ball python grabs you.
The ball python constricts you.
You escape the ball python's grasp.
The goblin hits you with a +0 dagger. The ball python barely misses you.
The ball python closely misses you. The goblin barely misses you.
The ball python bites you but does no damage.
The ball python barely misses you. The ball python barely misses you.
The ball python closely misses you. The goblin hits you with a +0 dagger.
The ball python bites you but does no damage.
The ball python closely misses you. The goblin hits you with a +0 dagger.
The ball python bites you. The ball python grabs you.
The ball python constricts you. The goblin hits you with a +0 dagger.
You escape the ball python's grasp.
The ball python closely misses you. The ball python grabs you.
The ball python constricts you. The goblin hits you but does no damage.
You escape the ball python's grasp.
The goblin closely misses you. The ball python completely misses you.
The ball python closely misses you.
The ball python barely misses you. x2; The goblin barely misses you.
The ball python bites you but does no damage.
The ball python closely misses you. The goblin hits you with a +0 dagger.
The ball python bites you. The ball python grabs you.
The ball python constricts you. The goblin hits you with a +0 dagger.
* * * LOW HITPOINT WARNING * * *
You escape the ball python's grasp.
The ball python barely misses you. x2
The goblin barely misses you. The ball python bites you.
* * * LOW HITPOINT WARNING * * *
The ball python barely misses you. The goblin hits you with a +0 dagger.
* * * LOW HITPOINT WARNING * * *
The ball python bites you.
* * * LOW HITPOINT WARNING * * *
The ball python barely misses you. The goblin hits you with a +0 dagger.
You die...

* * .# * , ,
#########.#+#
* *
#............
, ,
,+............
, *
*#............
* ,
#.........# *
, *
#....g....# #
##.. * *
#...@.....#.#
* ....
#...S.....#.#
....,
+............
> ## , *
,#.........#.#
** * *
#.........# #
## #.....$...#
.#
#.#.........#,
, '##
#.#.....:...#
, ..#
#.#.........#


You could see a goblin and a ball python.

Vanquished Creatures
  A dart slug (D:1)
  2 giant cockroaches
  A hobgoblin (D:1)
  A ball python (D:2)
5 creatures vanquished.

Notes
Turn   | Place    | Note
-------+----------+-------------------------------------------
     0 | D:1      | Vomitron the Meteoran Cinder Acolyte began the quest for
                  | the Orb.
     0 | D:1      | Reached XP level 1. HP: 19/19 MP: 3/3
    61 | D:1      | Reached XP level 2. HP: 26/26 MP: 3/5
    74 | D:1      | You fall into a shaft and drop 1 floor!
   291 | D:2      | HP: 1/26 [ball python (3)]
   291 | D:2      | Slain by a goblin

Illustrated notes

Levels and vault maps discovered:
D:1:      heliophobic_arrival_ceremonial_halls, layout_basic
D:2:      layout_basic, corexii_corridor_pit

Action                   || total
-------------------------++-------
Melee: Mace              ||    14
Armor: Robe              ||    19
Dodge: Dodged            ||    52

Table legend: (Time is in decaauts)
 A = Elapsed time spent in this place.
 B = Non-inter-level travel time spent in this place.
 C = Inter-level travel time spent in this place.
 D = Time resting spent in this place.
 E = Time spent auto-exploring this place.
 F = Levels seen in this place.
 G = Mean time per level.
                   A        B        C        D        E       F      G
               +--------+--------+--------+--------+--------+-----+--------+
         Total |    293 |    293 |      0 |     26 |     86 |   2 |  146.5 |
       Dungeon |    293 |    293 |      0 |     26 |     86 |   2 |  146.5 |
               +--------+--------+--------+--------+--------+-----+--------+

Top non-repeatable levels by time:
     D:2: 218 daAuts
     D:1: 75 daAuts
